 Dungeon Crawl Stone Soup version 0.30.0 (webtiles) character file.

Game seed: 13703001938931201034

630299 Wynddius the Archmage (level 26, -18/131 (153) HPs)
             Began as a Deep Elf Air Elementalist on May 26, 2023.
             Was an Initiate of Gozag.
             Demolished by an iron golem (38 damage)
             ... on level 2 of the Iron City of Dis on Sept 17, 2023.
             The game lasted 09:27:15 (119548 turns).

Wynddius the Archmage (Deep Elf Air Elementalist) Turns: 119548, Time: 09:27:16

HP:   -18/131 (153) AC:  8    Str:  5 (10) XL:     26   Next: 77%
MP:   39/56         EV: 26    Int: 39 (50) God:    Gozag
Gold: 24830         SH:  0    Dex: 15      Spells: 5/79 levels left

rFire   + + +        v - staff of air
rCold   + . .        (no shield)
rNeg    + + .        B - +2 robe {Archmagi}
rPois   .            M - +1 helmet "Laerigal" {rC+}
rElec   +            W - +0 cloak of Fiaff {rF+ Regen+ Int+3 SInv}
rCorr   +            J - +2 pair of gloves {infuse}
SInv    +            m - +2 pair of slick slippers {slick, slippery, EV+4}
Will    ++...        H - macabre finger necklace {Finger+ rN+}
Stlth   ++++++       P - ring of Yredelemnul's Approval {+Blink rF+ Int+7 Stlth-}
HPRegen 1.21/turn    N - ring of Furestru {*Slow AC+4 Str+10 Int+7}
MPRegen 0.35/turn    S - ring of Pegoth {rElec rF++ rN+ rCorr Str-5}

%: slow self (1%), archmagi, infuse magic (1 MP)
@: gold aura, studying Shields, heavily drained, corroded
A: frail 1, heat vulnerability 1
}: 4/15 runes: barnacled, slimy, silver, gossamer
a: Renounce Religion, Evoke Blink, Potion Petition, Call Merchant, Bribe Branch


You were on level 2 of the Iron City of Dis.
You worshipped Gozag.
Gozag was extremely pleased with you.
You visited 15 branches of the dungeon, and saw 59 of its levels.
You visited the Abyss 1 time.
You also visited: Bailey, Gauntlet, Ice Cave, Wizlab and Desolation.

You collected 33567 gold pieces.
You spent 5255 gold pieces at shops.
You paid 3482 gold pieces to Gozag.

Inventory:

Armour
 a - a +0 robe
 m - the +2 pair of slick slippers (worn) {slick, slippery, EV+4}
   (You found it on level 3 of the Elven Halls)

   Slick:     Its wearer cannot be constricted, engulfed, netted or webbed.
   Slippery:  Its wearer slips away from damaging melee attacks, pulling the
   attacker onward.
   EV:        It affects your evasion (+4).
 n - a +2 robe of willpower
 B - a +2 robe of the Archmagi (worn)
 I - a +2 robe of positive energy
 J - a +2 pair of gloves of infusion (worn)
 M - the +1 helmet "Laerigal" (worn) {rC+}
   (You found it in a bailey)

   rC:        It protects you from cold.
 W - the +0 cloak of Fiaff (worn) {rF+ Regen+ Int+3 SInv}
   (You found it on level 3 of the Elven Halls)

   Int:       It affects your intelligence (+3).
   rF:        It protects you from fire.
   SInv:      It lets you see invisible.
   Regen:     It increases your rate of health regeneration.
 X - the +1 robe of the Monkey's Uncle {Dex+3}
   (You found it on level 5 of the Lair of Beasts)

   Dex:       It affects your dexterity (+3).
Magical Staves
 v - a staff of air (weapon)
Jewellery
 g - the ring "Girragio" {Str+6 Stlth+}
   (You found it on level 2 of the Crypt)

   [ring of strength]

   Str:       It affects your strength (+6).
   Stlth:     It makes you more stealthy.
 i - an amulet of reflection
 j - the ring "Obem" {rC+ Str+4 Dex+2}
   (You found it on level 2 of the Crypt)

   [ring of protection from cold]

   Str:       It affects your strength (+4).
   Dex:       It affects your dexterity (+2).
   rC:        It protects you from cold.
 q - a ring of poison resistance
 w - a ring of see invisible
 H - the macabre finger necklace (around neck) {Finger+ rN+}
   (You took it off a deep elf demonologist on level 3 of the Elven Halls)

   [amulet of nothing]

   Finger+:   It enables you to equip an extra ring.
   rN:        It protects you from negative energy.
 N - the ring of Furestru (right hand) {*Slow AC+4 Str+10 Int+7}
   (You found it on level 1 of the Spider Nest)

   [ring of protection]

   AC:        It affects your AC (+4).
   Str:       It affects your strength (+10).
   Int:       It affects your intelligence (+7).
   *Slow:     It may slow you when you take damage.
 P - the ring of Yredelemnul's Approval (left hand) {+Blink rF+ Int+7 Stlth-}
   (You acquired it on level 2 of the Orcish Mines)

   [ring of protection from fire]

   Int:       It affects your intelligence (+7).
   rF:        It protects you from fire.
   +Blink:    It lets you blink.
   Stlth:     It makes you less stealthy.
 S - the ring of Pegoth (on amulet) {rElec rF++ rN+ rCorr Str-5}
   (You found it in the Desolation of Salt)

   [ring of positive energy]

   Str:       It affects your strength (-5).
   rF:        It greatly protects you from fire.
   rElec:     It insulates you from electricity.
   rN:        It protects you from negative energy.
   rCorr:     It protects you from acid and corrosion.
Wands
 p - a wand of digging (15)
 s - a wand of mindburst (30)
 D - a wand of acid (27)
 G - a wand of flame (182)
 Q - a wand of charming (63)
 U - a wand of polymorph (22)
 V - a wand of iceblast (36)
Scrolls
 c - 23 scrolls of teleportation
 l - 6 scrolls of torment
 t - a scroll of summoning
 x - 2 scrolls of blinking
 y - 8 scrolls of vulnerability
 A - 9 scrolls of enchant weapon
 C - 8 scrolls of enchant armour
 L - 10 scrolls of fog
 O - 6 scrolls of fear
 R - 6 scrolls of silence
 T - 3 scrolls of magic mapping
 Y - 9 scrolls of amnesia
Potions
 d - 12 potions of brilliance
 e - 15 potions of ambrosia
 f - a potion of might
 h - 15 potions of curing
 k - 7 potions of flight
 r - 2 potions of heal wounds
 u - 11 potions of haste
 z - 9 potions of cancellation
 E - 7 potions of resistance
 F - 8 potions of invisibility
Miscellaneous
 b - the horn of Geryon


   Skills:
 * Level 18.8 Fighting
 - Level 19.1 Dodging
 - Level 20.0 Stealth
 O Level 27 Spellcasting
 - Level 20.0 Conjurations
 - Level 19.0 Ice Magic
 - Level 20.0 Air Magic
 - Level 17.0 Evocations


You had 5 spell levels left.
You knew the following spells:

 Your Spells              Type           Power      Damage    Failure   Level
a - Shock                 Conj/Air       100%       1d9       0%          1
b - Static Discharge      Conj/Air       100%       2-7/arc   0%          2
c - Maxwell's Capacitive  Air            84%        ∞         1%          8
d - Airstrike             Air            84%        2d(12-28) 0%          4
e - Conjure Ball Lightni  Conj/Air       84%        3x3d32    0%          6
f - Chain Lightning       Conj/Air       84%        3d112     9%          9
g - Freezing Cloud        Conj/Ice/Air   84%        6-21      0%          5
h - Orb of Destruction    Conj           71%        9d16      1%          7
i - Arcjolt               Conj/Air       84%        1d94      0%          5
j - Iskenderun's Mystic   Conj/Tloc      100%       2d19      1%          4
k - Polar Vortex          Ice            70%        N/A       14%         9
l - Ozocubu's Refrigerat  Ice            70%        4d23      1%          7
m - Metabolic Englaciati  Hex/Ice        56%        N/A       1%          5
n - Blink                 Tloc           100%       N/A       1%          2

Your spell library contained the following spells:

 Spells                   Type           Power      Damage    Failure   Level
 Foxfire                  Conj/Fire      100%       2x1d9     0%          1
 Kiss of Death            Conj/Necr      100%       2d13      0%          1
 Ensorcelled Hibernation  Hex/Ice        100%       N/A       0%          2
 Momentum Strike          Conj/Tloc      100%       3d10      0%          2
 Poisonous Vapours        Pois/Air       100%       N/A       0%          2
 Dazzling Flash           Conj/Hex       100%       N/A       0%          3
 Frozen Ramparts          Ice            100%       1d16      0%          3
 Hailstorm                Conj/Ice       100%       3d20      0%          3
 Mephitic Cloud           Conj/Pois/Air  100%       N/A       0%          3
 Ozocubu's Armour         Ice            100%       N/A       0%          3
 Swiftness                Air            100%       N/A       0%          3
 Vhi's Electric Charge    Tloc/Air       100%       N/A       0%          3
 Iskenderun's Battlesphe  Conj           100%       2d15      0%          5
 Apportation              Tloc           100%       N/A       1%          1
 Beastly Appendage        Tmut           100%       N/A       1%          1
 Sting                    Tmut/Pois      100%       1d8       1%          1
 Cigotuvi's Dreadful Rot  Necr/Pois/Air  100%       N/A       1%          2
 Lesser Beckoning         Tloc           100%       N/A       1%          2
 Passwall                 Tmut/Erth      56%        N/A       1%          2
 Sublimation of Blood     Necr           68%        N/A       1%          2
 Call Canine Familiar     Summ           68%        N/A       1%          3
 Gell's Gravitas          Tloc           68%        N/A       1%          3
 Ignite Poison            Fire/Tmut/Pois 68%        N/A       1%          3
 Inner Flame              Hex/Fire       68%        N/A       1%          3
 Portal Projectile        Hex/Tloc       100%       N/A       1%          3
 Spider Form              Tmut/Pois      68%        N/A       1%          3
 Summon Guardian Golem    Hex/Summ       68%        N/A       1%          3
 Teleport Other           Tloc           68%        N/A       1%          3
 Volatile Blastmotes      Fire/Tloc      100%       2d18      1%          3
 Fulminant Prism          Conj/Hex       57%        3d24      1%          4
 Ice Form                 Ice/Tmut       100%       N/A       1%          4
 Sticky Flame             Conj/Fire      100%       2d11      1%          4
 Summon Ice Beast         Ice/Summ       100%       N/A       1%          4
 Summon Lightning Spire   Summ/Air       100%       N/A       1%          4
 Fireball                 Conj/Fire      57%        3d22      1%          5
 Irradiate                Conj/Tmut      57%        3d30      1%          5
 Silence                  Hex/Air        69%        N/A       1%          5
 Anguish                  Hex/Necr       34%        N/A       3%          4
 Animate Armour           Summ/Erth      100%       N/A       3%          4
 Cause Fear               Hex            34%        N/A       3%          4
 Dispel Undead            Necr           68%        3d23      3%          4
 Leda's Liquefaction      Hex/Erth       34%        N/A       3%          4
 Manifold Assault         Tloc           68%        N/A       3%          4
 Olgreb's Toxic Radiance  Pois           68%        N/A       3%          4
 Passage of Golubria      Tloc           68%        N/A       3%          4
 Petrify                  Tmut/Erth      68%        N/A       3%          4
 Blade Hands              Tmut           34%        N/A       9%          5
 Lee's Rapid Deconstruct  Erth           34%        3d17*     9%          5
 Summon Forest            Summ/Tloc      34%        N/A       9%          5
 Yara's Violent Unravell  Hex/Tmut       34%        3d14      9%          5
 Iron Shot                Conj/Erth      57%        9d11      1%          6
 Plasma Beam              Fire/Air       69%        2x1d94    1%          6
 Starburst                Conj/Fire      57%        6d15      1%          6
 Spellforged Servitor     Conj/Summ      57%        N/A       4%          7
 Storm Form               Tmut/Air       69%        N/A       4%          7
 Lehudib's Crystal Spear  Conj/Erth      57%        10d13     34%         8
 Death Channel            Necr           34%        N/A       45%         6
 Eringya's Noxious Bog    Tmut/Pois      34%        N/A       45%         6
 Statue Form              Tmut/Erth      45%        N/A       45%         6
 Dragon Form              Tmut           34%        N/A       95%         7
 Enfeeble                 Hex            34%        N/A       95%         7
 Malign Gateway           Summ/Tloc      34%        N/A       95%         7
 Summon Hydra             Summ           34%        N/A       95%         7
 Fire Storm               Conj/Fire      57%        8d14      99%         9
 Borgnjor's Revivificati  Necr           34%        N/A       100%        8
 Disjunction              Tloc           34%        N/A       100%        8
 Ignition                 Fire           34%        3d10      100%        8
 Necromutation            Tmut/Necr      34%        N/A       100%        8
 Death's Door             Necr           34%        N/A       100%        9
 Dragon's Call            Summ           34%        N/A       100%        9
 Shatter                  Erth           34%        3d27*     100%        9
 Simulacrum               Ice/Necr       Unusable   N/A       N/A         6

Dungeon Overview and Level Annotations

Branches:
Dungeon (15/15)            Temple (0/1) D:5            Lair (5/5) D:11
 Shoals (4/4) Lair:3       Spider (4/4) Lair:2        Slime (5/5) Lair:4
    Orc (2/2) D:11            Elf (3/3) Orc:2        Vaults (5/5) D:13
  Crypt (3/3) Vaults:3       Tomb (1/3) Crypt:3      Depths (4/4) D:15
   Hell (visited)             Dis (2/7) Hell            Geh (4/7) Hell
    Coc (0/7) Hell            Tar (1/7) Hell            Zot (0/5) Depths:4
 Bailey (visited)           IceCv (visited)          WizLab (visited)
Desolation (visited)      Gauntlet (visited)

Altars:
Ashenzari
Dithmenos
Elyvilon
Gozag
Kikubaaqudgha
Makhleb
Nemelex Xobeh
Wu Jian
Xom
Yredelemnul
Zin
The Shining One

Shops:
D:5 *   D:9 *   D:15 ?   Orc:1 :*:[   Orc:2 *:[[(?[=   Elf:1 ??   Elf:3 *
Shoals:1 [   Vaults:2 *   Vaults:3 !   Vaults:5 *   Depths:1 [   Depths:3 **[((

Portals:
Hell: Lair:5 Depths:1 Depths:2 Depths:3 Depths:4
Abyss: Depths:2 Depths:3
Pandemonium: Depths:2
Ziggurat: Depths:1
Trove: D:15 (give +2 gold dragon scales)

Annotations:
Elf:2 1 runed translucent door
Vaults:2 8 runed translucent doors, Synox's ghost, legendary FoFi
Depths:3 2 transporters, exclusion: orange crystal statue
Geh:2 12 runed translucent doors


Innate Abilities, Weirdness & Mutations

You are frail. (-10% HP)
You are vulnerable to heat. (rF-)


Message History

There is an open door here.
There is an open door here.
There is a stone staircase leading down here.
You climb downwards.
You feel so tired, so weak... it would be so nice to just lie down... forever...
HP restored.
You feel drained. The iron golem completely misses you.
The iron golem hits you!!
You slip backwards!
The iron golem closely misses you. The iron golem barely misses you.
Casting: Chain Lightning (dangerous; 9% risk of failure)
Confirm with . or Enter, or press ? or * to list all spells.
You feel a strong surge of power! Lightning arcs from your hands!
The bolt of lightning hits the iron golem!!!
The iron golem resists.
The iron golem is lightly damaged.
The bolt of lightning hits you! You resist.
The bolt of lightning hits the iron golem!!!
The iron golem resists.
The iron golem is moderately damaged.
The iron golem hits you.
You slip backwards!
The iron golem barely misses you. The iron golem hits you!!
You slip backwards!
The quicksilver elemental breathes dispelling energy at you.
The bolt of dispelling energy hits you!!
* * * LOW HITPOINT WARNING * * *
Casting: Chain Lightning (dangerous; 9% risk of failure)
Confirm with . or Enter, or press ? or * to list all spells.
You feel a strong surge of power! Lightning arcs from your hands!
The bolt of lightning hits the iron golem!!!!
The iron golem resists.
The iron golem is heavily damaged.
The bolt of lightning hits you! You resist.
* * * LOW HITPOINT WARNING * * *
The bolt of lightning hits the iron golem!!!!
The iron golem resists.
The iron golem is heavily damaged.
The bolt of lightning hits the hellion!!!
You kill the hellion!
The iron golem closely misses you. The iron golem completely misses you.
The iron golem hits you!!!
You die...
Your body crumbles into a pile of gold.

^.# ..
######'##
#.......#
#.$..$..#
#.......#
#.......#
#..@9∩..#
#...9...#
#....$..#
#......^#
#..E$>....
#........$..
#...........
#..$..$$....
#...........


You could see 2 iron golems and a quicksilver elemental.

Vanquished Creatures
  the Royal Jelly (Slime:5)
  An ancient lich (Crypt:3)
  Khufu (Crypt:2)
  A dread lich (Crypt:3)
  Mara (Vaults:2)
  3 royal mummies
  Vv (Crypt:2)
  Bai Suzhen (Spider:4)
  Frederick (Vaults:4)
  Xtahua (Vaults:3)
  5 caustic shrikes (Dis:1)
  Geryon (Hell)
  Jory (Vaults:3)
  Nikola (Spider:4)
  the Enchantress (Depths:1)
  3 bone dragons
  3 doom hounds (Crypt:1)
  3 hellephants (Geh:3)
  3 deep elf blademasters
  5 tentacled monstrosities (Vaults:5)
  Zenata (Vaults:3)
  Rupert (Lair:4)
  10 liches
  A walking divine tome (Depths:3)
  8 searing wretches
  Grunn (Crypt:1)
  Mlioglotl (Shoals:1)
  2 titans (Vaults:5)
  2 deep elf master archers (Elf:3)
  Asterion (Depths:1)
  2 quicksilver dragons
  25 acid blobs
  Murray (Hell)
  A walking frostbound tome (Depths:4)
  A tentacled starspawn (Abyss:3)
  18 ancient champions
  10 sphinxes
  8 tengu reavers
  Polyphemus (Shoals:2)
  Kirke (Shoals:1)
  3 storm dragons
  A kraken (Shoals:4)
  8 shadow dragons (Vaults:5)
  6 rockslimes
  5 revenants
  A draconian monk (Depths:4)
  10 emperor scorpions
  7 deep elf sorcerers
  Donald (Shoals:1)
  Ilsuiw (Shoals:2)
  8 fire giants
  A caustic shrike zombie (Crypt:2)
  4 iron dragons
  9 azure jellies
  3 imperial myrmidons (Desolation)
  2 ghost moths
  18 vault wardens
  9 frost giants
  5 deep elf elementalists (Elf:3)
  5 curse skulls
  7 balrugs
  An angel (Depths:2)
  3 cacodemons (Crypt:2)
  8 war gargoyles
  21 ironbound preservers
  4 spriggan defenders
  16 very ugly things
  3 orc warlords
  5 ghouls
  5 quicksilver oozes
  9 reapers
  9 stone giants
  2 broodmothers (Spider:4)
  A green draconian (Depths:4)
  2 juggernaut skeletons
  9 ironbound thunderhulks
  11 vampire knights
  A black draconian (Depths:4)
  5 deep elf demonologists
  3 halazid warlocks (Desolation)
  A wendigo (Hell)
  8 deep elf annihilators
  A red draconian (Depths:4)
  Azrael (Orc:2)
  A putrid mouth (Crypt:1)
  2 dire elephants
  A yellow draconian (Depths:4)
  2 spark wasps (Spider:3)
  Snorg (D:10)
  An iron golem (Hell)
  5 eidola
  8 ettins
  7 merfolk javelineers
  2 blizzard demons
  9 mummy priests (Tomb:1)
  A quicksilver dragon zombie (Crypt:2)
  Josephine (Lair:3)
  7 deep elf death magi
  13 yaktaur captains
  8 merfolk impalers
  A spriggan zombie (Hell)
  3 crystal guardians
  2 ragged hierophants (Desolation)
  9 great orbs of eyes
  12 jiangshi
  7 entropy weavers
  11 deep elf high priests
  3 fire dragons
  Erolcha (D:12)
  8 peacekeepers
  3 salamander tyrants
  A quicksilver dragon skeleton (Hell)
  3 rakshasas
  8 hydras
  18 centaur warriors
  7 servants of whispers (Desolation)
  38 vault guards
  4 merfolk aquamancers (Shoals:4)
  2 radroaches (Spider:2)
  9 spriggan air magi
  3 spriggan skeletons
  2 catoblepae
  An ice dragon (Depths:2)
  4 stokers
  2 caustic shrike simulacra
  2 satyrs (Shoals:3)
  4 jorogumos
  8 boulder beetles
  4 alligator snapping turtles
  Erica (D:8)
  2 death knights
  8 ironbound frosthearts
  7 merfolk avatars
  19 death yaks
  A deep troll shaman (Depths:4)
  44 hell hogs
  2 orc high priests
  24 dancing weapons
  7 death scarabs (Spider:4)
  2 shock serpents (WizLab)
  5 spriggan berserkers
  10 vampire magi
  3 thrashing horrors
  2 deep troll earth magi
  11 hell knights
  A shock serpent (shapeshifter) (Vaults:5)
  Urug (Lair:4)
  16 deep elf knights
  5 soul eaters
  8 sun demons
  Amaemon (Lair:3)
  Nergalle (Lair:3)
  Sonja (Orc:2)
  4 iron trolls
  3 sixfirhies
  7 crystal echidnas
  2 shadow wraiths
  23 skeletal warriors
  10 pharaoh ants
  2 skysharks
  A titan skeleton (Tomb:1)
  51 deep trolls
  An iron giant zombie (Hell)
  2 sun moths
  A death drake (shapeshifter) (D:12)
  16 sea snakes
  An orb spider (shapeshifter) (Vaults:5)
  2 glowing orange brains
  A wolf spider zombie (Spider:4)
  A bunyip skeleton (Crypt:3)
  15 ironbound convokers
  15 wizards
  A golden dragon skeleton (Crypt:2)
  5 flayed ghosts
  8 orb spiders
  16 phantasmal warriors
  3 orange crystal statues (Hell)
  A lindwurm (shapeshifter) (Vaults:5)
  9 necromancers
  2 anaconda skeletons
  2 spectral wolf spiders (Spider:4)
  Pikel (D:6)
  7 lindwurms
  13 orc knights
  A shadow dragon zombie (Hell)
  A spectral jorogumo (Spider:4)
  7 steelbarb worms
  17 harpies
  15 deep elf archers
  A shadow dragon skeleton (Vaults:3)
  A broodmother zombie (Spider:4)
  31 deep elf pyromancers
  A wolf spider (shapeshifter) (D:13)
  26 wolf spiders
  10 shining eyes
  12 cyclopes
  11 fauns
  19 deep elf zephyrmancers
  A goliath frog skeleton (Crypt:1)
  2 orc sorcerers
  61 ugly things
  An oklob plant (Lair:4)
  A cyclops (shapeshifter) (Vaults:5)
  11 manticores
  A worldbinder (Abyss:4)
  An eleionoma skeleton (Crypt:3)
  6 elephants
  4 moths of wrath
  2 black mambas
  A centaur zombie (Tomb:1)
  13 merfolk sirens
  4 guardian serpents (Desolation)
  3 smoke demons
  2 iron dragon skeletons
  An ice statue (IceCv)
  4 rust devils
  16 demonic crawlers
  2 apocalypse crabs (Abyss:4)
  A frost giant skeleton (Vaults:3)
  A guardian serpent (shapeshifter) (D:10)
  8 water nymphs
  5 torpor snails
  6 orange demons
  An eye of devastation (shapeshifter) (Vaults:5)
  5 eyes of devastation
  12 cane toads
  15 vault sentinels
  2 gargoyles (D:12)
  2 centaur skeletons
  A dire elephant skeleton (Crypt:2)
  12 rime drakes
  A bunyip simulacrum (Hell)
  An unseen horror (D:12)
  22 yaktaurs
  5 hellions
  2 kobold demonologists (Bailey)
  5 tormentors
  A yellow draconian skeleton (Crypt:3)
  7 ice devils
  12 komodo dragons
  2 tengu conjurers
  5 freezing wraiths
  2 spectral redbacks (Spider:4)
  An efreet (D:13)
  4 red devils (Lair:5)
  An ancient zyme (Abyss:3)
  A harpy zombie (Hell)
  A green draconian skeleton (Crypt:1)
  3 hellwings
  16 merfolk
  7 guardian mummies (Tomb:1)
  5 meliai
  9 trolls
  A queen bee (Spider:3)
  3 spectral jumping spiders (Spider:4)
  6 wind drakes
  16 polar bears
  4 spectral tarantellas (Spider:4)
  27 tarantellas
  8 hornets
  A radroach zombie (Crypt:2)
  3 raiju (Abyss:4)
  A jumping spider zombie (Spider:4)
  49 saltlings
  An iron dragon simulacrum (Hell)
  32 blink frogs
  A hydra skeleton (Hell)
  2 culicivora zombies (Spider:4)
  A satyr zombie (Crypt:3)
  A snapping turtle (shapeshifter) (Vaults:5)
  2 tarantella zombies (Spider:4)
  An ettin zombie (Vaults:3)
  An elf skeleton (Vaults:3)
  140 slime creatures
  36 jumping spiders
  4 snapping turtles
  2 large abominations (Abyss:4)
  13 flying skulls
  8 air elementals
  36 culicivoras
  A centaur simulacrum (D:13)
  3 vampires
  9 water elementals
  A satyr skeleton (Crypt:3)
  2 ynoxinuls (Depths:2)
  17 wraiths
  2 hogs (Shoals:1)
  67 yaks
  8 spriggans
  4 wyverns
  9 fire elementals
  A black mamba skeleton (Crypt:1)
  11 starcursed masses (Abyss:4)
  8 vampire mosquitoes
  A human (D:11)
  Eustachio (D:6)
  3 golden eyes
  6 basilisks
  3 ushabtiu (Tomb:1)
  72 redbacks
  3 steam dragons
  4 chaos spawn (D:13)
  A harpy simulacrum (Hell)
  2 neqoxecs
  A glowing shapeshifter zombie (Vaults:3)
  10 wargs
  A naga zombie (Hell)
  An acid dragon (D:14)
  20 water moccasins
  A deep troll skeleton (Tomb:1)
  A floating eye (Depths:3)
  A water moccasin (shapeshifter) (D:15)
  6 hell hounds
  3 ice beasts
  A snapping turtle zombie (Crypt:1)
  46 orc warriors
  An elephant zombie (Crypt:1)
  A black bear (D:5)
  2 sky beasts
  5 ogres
  8 boggarts
  12 centaurs
  32 wolves
  A phantom (D:5)
  A swamp dragon skeleton (Tomb:1)
  Blork the orc (D:6)
  A hog skeleton (Crypt:2)
  3 kobold brigands
  8 bullfrogs
  2 earth elementals
  11 necrophages
  A scorpion (D:6)
  A salamander skeleton (Crypt:2)
  A cyclops zombie (Crypt:2)
  A water moccasin skeleton (Crypt:1)
  3 small abominations (Abyss:4)
  4 wights (D:6)
  A shapeshifter zombie (Crypt:1)
  33 killer bees
  9 electric eels
  A howler monkey (D:12)
  4 hounds
  2 jellies
  A black bear zombie (Crypt:3)
  A quasit (Abyss:4)
  12 orc priests
  A sleepcap (D:4)
  Ijyb (D:3)
  A boggart zombie (Crypt:3)
  Natasha (thrice) (D:2)
  4 iguanas
  24 orc wizards
  2 hell rats (Lair:3)
  An acid dragon skeleton (Crypt:2)
  A hound skeleton (Crypt:2)
  9 mummies
  Robin (D:2)
  4 gnolls (Bailey)
  10 river rats (Lair:3)
  3 adders
  2 white imps
  A worm (D:3)
  A dart slug (D:1)
  60 orcs
  6 ball pythons
  A bat zombie (Crypt:3)
  9 endoplasms
  2 giant cockroaches
  24 goblins
  17 hobgoblins
  9 jackals
  8 quokkas
  7 bats
  6 frilled lizards
  20 kobolds
  A quokka zombie (Crypt:1)
  6 rats
  A rat zombie (Crypt:1)
  2 creeping infernos (Hell)
  17 fire vortices
2668 creatures vanquished.

Vanquished Creatures (collateral kills)
  An ancient lich (Crypt:2)
  A putrid mouth (Crypt:1)
  A spark wasp (Spider:2)
  A ragged hierophant (Desolation)
  A jiangshi (Crypt:2)
  A servant of whispers (Desolation)
  A pharaoh ant (Spider:4)
  A phantasmal warrior (Crypt:2)
  2 saltlings (Desolation)
  A flying skull (Crypt:1)
  31 ball lightnings
42 creatures vanquished.

Vanquished Creatures (others)
  A pharaoh ant (Spider:2)
  A tengu conjurer (D:15)
  A centaur (D:14)
  An ufetubus (Abyss:4)
  525 ball lightnings
  A creeping inferno (Geh:1)
  6 demonic plants (D:13)
  70 fungi
  111 plants
  4 tentacles (Shoals:4)
721 creatures vanquished.

Grand Total: 3431 creatures vanquished

Notes
Turn   | Place    | Note
-------+----------+-------------------------------------------
     0 | D:1      | Wynddius the Deep Elf Air Elementalist began the quest for
                  | the Orb.
     0 | D:1      | Reached XP level 1. HP: 10/10 MP: 6/6
     3 | D:1      | Noticed an electric eel
     4 | D:1      | Noticed an electric eel
   252 | D:1      | Reached skill level 4 in Spellcasting
   252 | D:1      | Reached XP level 2. HP: 15/15 MP: 6/9
   475 | D:1      | Learned a level 2 spell: Static Discharge
   906 | D:1      | Reached XP level 3. HP: 19/19 MP: 9/11
   910 | D:1      | Learned a level 3 spell: Swiftness
   976 | D:1      | Reached skill level 5 in Spellcasting
  1651 | D:2      | Reached XP level 4. HP: 21/24 MP: 8/13
  1766 | D:2      | Noticed Robin
  2113 | D:2      | Noticed Natasha
  2116 | D:2      | Killed Natasha
  2266 | D:2      | Killed Robin
  2489 | D:2      | Noticed Natasha
  2495 | D:2      | Killed Natasha
  2496 | D:2      | Reached XP level 5. HP: 21/28 MP: 3/14
  2501 | D:2      | Learned a level 4 spell: Airstrike
  3214 | D:2      | Noticed Natasha
  3222 | D:2      | Killed Natasha
  3308 | D:3      | Found a glowing golden altar of the Shining One.
  3341 | D:3      | Noticed Ijyb
  3346 | D:3      | Killed Ijyb
  3347 | D:3      | Reached skill level 5 in Air Magic
  3708 | D:3      | Found the +18 Lear's hauberk
  3916 | D:3      | Found an opulent altar of Gozag.
  3992 | D:3      | Became a worshipper of Gozag Ym Sagoz the Greedy
  4616 | D:4      | Reached skill level 1 in Fighting
  4616 | D:4      | Reached XP level 6. HP: 34/34 MP: 10/16
  4899 | D:4      | Found an ancient bone altar of Kikubaaqudgha.
  5772 | D:5      | Entered Level 5 of the Dungeon
  5864 | D:5      | Found Cofrawad's Assorted Antiques.
  6064 | D:5      | Reached XP level 7. HP: 40/40 MP: 12/17
  6231 | D:5      | Found a staircase to the Ecumenical Temple.
  6456 | D:5      | Reached skill level 5 in Conjurations
  6659 | D:5      | Reached skill level 6 in Spellcasting
  6857 | D:5      | Reached skill level 7 in Spellcasting
  7031 | D:5      | Reached XP level 8. HP: 46/46 MP: 16/21
  7172 | D:6      | Noticed Eustachio
  7175 | D:6      | Killed Eustachio
  7176 | D:6      | Reached skill level 8 in Spellcasting
  7342 | D:6      | Noticed Pikel
  7364 | D:6      | Killed Pikel
  7365 | D:6      | Reached skill level 10 in Spellcasting
  7595 | D:6      | Noticed Blork the orc
  7600 | D:6      | Killed Blork the orc
  7855 | D:6      | Reached XP level 9. HP: 52/52 MP: 19/25
  9987 | D:8      | Noticed Erica
  9993 | D:8      | Killed Erica
  9994 | D:8      | Reached skill level 10 in Air Magic
  9994 | D:8      | Reached XP level 10. HP: 58/58 MP: 6/26
 10137 | D:8      | Reached skill level 5 in Fighting
 10681 | D:9      | Identified a scroll of acquirement
 10684 | D:9      | Acquired 942 gold pieces
 10891 | D:9      | Found a flagged portal.
 10916 | Bailey   | Entered a bailey
 11423 | Bailey   | Reached skill level 5 in Dodging
 11908 | Bailey   | Found an iron altar of Okawaru.
 11914 | Bailey   | Noticed a sixfirhy
 12113 | Bailey   | Got Ihyg's Elucidation of Alluring Electricity
 12130 | Bailey   | Learned a level 6 spell: Conjure Ball Lightning
 12135 | Bailey   | Identified the +1 helmet "Laerigal" {rC+}
 12227 | Bailey   | Acquired 963 gold pieces
 13113 | D:10     | Entered Level 10 of the Dungeon
 13113 | D:10     | Noticed a manticore
 13369 | D:10     | Noticed Snorg
 13449 | D:10     | Killed a manticore
 13704 | D:10     | Reached XP level 11. HP: 60/64 MP: 10/27
 13723 | D:10     | Noticed a boulder beetle
 13791 | D:10     | Noticed a white ugly thing
 14416 | D:10     | Found a sparkling altar of Nemelex Xobeh.
 14471 | D:10     | Killed Snorg
 14869 | D:10     | Reached skill level 10 in Conjurations
 14986 | D:10     | Killed a white ugly thing
 15017 | D:10     | Killed a boulder beetle
 15018 | D:10     | Reached skill level 11 in Spellcasting
 15865 | D:11     | Noticed a deep elf pyromancer
 15869 | D:11     | Killed a deep elf pyromancer
 15870 | D:11     | Reached skill level 12 in Spellcasting
 16286 | D:11     | Found a staircase to the Orcish Mines.
 16490 | D:11     | Found a staircase to the Lair.
 16722 | Orc:1    | Entered Level 1 of the Orcish Mines
 16727 | Orc:1    | Reached skill level 13 in Spellcasting
 16730 | Orc:1    | Noticed an orc high priest
 16881 | Lair:1   | Entered Level 1 of the Lair of Beasts
 16962 | Lair:1   | Reached XP level 12. HP: 39/72 MP: 5/31
 17499 | Lair:1   | Noticed a death yak
 17503 | Lair:1   | Killed a death yak
 17506 | Lair:1   | Noticed a death yak
 17509 | Lair:1   | Killed a death yak
 17510 | Lair:1   | Noticed a death yak
 17511 | Lair:1   | Killed a death yak
 17979 | Lair:1   | Noticed a death yak
 17980 | Lair:1   | Noticed a death yak
 17983 | Lair:1   | Killed a death yak
 17983 | Lair:1   | Killed a death yak
 18389 | Lair:2   | Noticed a catoblepas
 18481 | Lair:2   | Noticed a death yak
 18481 | Lair:2   | Noticed a death yak
 18481 | Lair:2   | Noticed a death yak
 18482 | Lair:2   | Noticed a death yak
 18482 | Lair:2   | Noticed a death yak
 18483 | Lair:2   | Noticed a death yak
 18484 | Lair:2   | Killed a death yak
 18484 | Lair:2   | Killed a death yak
 18485 | Lair:2   | Killed a death yak
 18487 | Lair:2   | Killed a death yak
 18487 | Lair:2   | Killed a death yak
 18488 | Lair:2   | Reached skill level 10 in Dodging
 18488 | Lair:2   | Killed a death yak
 18696 | Lair:2   | Learned a level 9 spell: Chain Lightning
 18702 | Lair:2   | Learned a level 5 spell: Freezing Cloud
 18954 | Lair:2   | Reached XP level 13. HP: 72/81 MP: 25/32
 19466 | Lair:2   | Found a hole to the Spider Nest.
 19836 | Lair:3   | Noticed Amaemon
 19842 | Lair:3   | Killed Amaemon
 19843 | Lair:3   | Reached skill level 10 in Fighting
 19843 | Lair:3   | Reached skill level 14 in Spellcasting
 20068 | Lair:3   | Noticed Nergalle
 20071 | Lair:3   | Killed Nergalle
 20271 | Lair:3   | Reached skill level 15 in Spellcasting
 20509 | Lair:3   | Noticed Josephine
 20513 | Lair:3   | Killed Josephine
 20693 | Lair:3   | Found a staircase to the Shoals.
 20828 | Lair:3   | You fall into a shaft and drop 1 floor!
 20832 | Lair:4   | Found a staircase to the Slime Pits.
 20976 | Lair:3   | Reached skill level 16 in Spellcasting
 21836 | Lair:4   | Noticed Rupert
 21859 | Lair:4   | Noticed Urug
 21868 | Lair:4   | Killed Urug
 22031 | Lair:4   | Reached skill level 17 in Spellcasting
 22031 | Lair:4   | Paralysed by Rupert for 3 turns
 22031 | Lair:4   | Killed Rupert
 22457 | Lair:4   | Reached XP level 14. HP: 82/88 MP: 30/37
 23043 | Lair:5   | Entered Level 5 of the Lair of Beasts
 25062 | Lair:5   | Identified the +1 robe of the Monkey's Uncle {Dex+3}
 26680 | Lair:5   | Found a burning altar of Makhleb.
 26686 | Lair:5   | Found a gateway to Hell.
 26773 | Lair:5   | Identified the +6 war axe "Foir" {freeze, rF+ Str+2}
 27292 | Orc:2    | Entered Level 2 of the Orcish Mines
 27292 | Orc:2    | Noticed Sonja
 27292 | Orc:2    | Found Inicziso's Armour Shoppe.
 27295 | Orc:2    | Killed Sonja
 27493 | Orc:2    | Noticed an orc warlord
 27493 | Orc:2    | Found Ykesauma's Antique Weapon Emporium.
 27597 | Orc:2    | Noticed Azrael
 28685 | D:12     | Identified the +4 scale mail "Tiponuda" {Int+3}
 28685 | D:12     | Identified the ring of Fofruti {Str+3 Dex+6}
 29133 | D:12     | Noticed Erolcha
 29137 | D:12     | Killed Erolcha
 29474 | D:12     | Reached XP level 15. HP: 87/96 MP: 31/38
 29596 | D:12     | Identified the ring "Vonloh" {rElec Str+2 Dex+6 Slay-3}
 30591 | D:13     | Found a frozen archway.
 30599 | IceCv    | Entered an ice cave
 30684 | IceCv    | Learned a level 7 spell: Orb of Destruction
 31554 | IceCv    | Identified the staff of fire "Lekiwoju" {*Slow rF+ rN+
                  | Str+2 Stlth+}
 31684 | IceCv    | Noticed a frost giant
 31698 | IceCv    | Killed a frost giant
 32856 | D:13     | Found a gate to the Vaults.
 33033 | D:14     | Found a gate leading to a gauntlet.
 33200 | Gauntlet | Entered a Gauntlet
 33200 | Gauntlet | Found a transporter.
 33200 | Gauntlet | Found a transporter.
 33200 | Gauntlet | Found a transporter.
 33201 | Gauntlet | Found a transporter.
 33202 | Gauntlet | Found a transporter.
 33205 | Gauntlet | Found a transporter.
 33213 | Gauntlet | Found a transporter.
 33214 | Gauntlet | Found a transporter.
 33215 | Gauntlet | Found a transporter.
 33216 | Gauntlet | Found a transporter.
 33224 | Gauntlet | Found a transporter.
 33224 | Gauntlet | Found a transporter.
 33572 | D:14     | You fall into a shaft and drop 1 floor!
 33572 | D:15     | Entered Level 15 of the Dungeon
 34475 | D:14     | Reached skill level 15 in Conjurations
 36252 | Orc:1    | Bought Maxwell's Memoranda for 646 gold pieces
 36258 | Orc:1    | Learned a level 5 spell: Arcjolt
 36268 | Orc:1    | Learned a level 8 spell: Maxwell's Capacitive Coupling
 36550 | Orc:2    | Reached XP level 16. HP: 58/101 MP: 19/39
 36905 | Orc:2    | Killed Azrael
 37178 | Orc:2    | Found Rufusuj's Antique Armour Shoppe.
 37508 | Orc:2    | Found Osaizaow's Jewellery Boutique.
 37536 | Orc:2    | Found Unatic's Magic Scroll Emporium.
 37544 | Orc:2    | Bought a scroll of teleportation for 51 gold pieces
 37544 | Orc:2    | Bought a scroll of teleportation for 51 gold pieces
 37544 | Orc:2    | Bought a scroll of teleportation for 51 gold pieces
 37720 | Orc:2    | Found Nicw's General Store.
 37765 | Orc:2    | Bought a scroll of teleportation for 39 gold pieces
 37769 | Orc:2    | Found Dudgh's Antique Armour Emporium.
 37775 | Orc:2    | Found a staircase to the Elven Halls.
 37960 | Orc:2    | Found Xasin's Book Shoppe.
 38384 | Orc:2    | Bought a ring of poison resistance for 280 gold pieces
 38405 | Orc:2    | Bought a scroll of acquirement for 884 gold pieces
 38405 | Orc:2    | Acquired the ring of Yredelemnul's Approval {+Blink rF+
                  | Int+7 Stlth-}
 38410 | Orc:2    | Acquired 810 gold pieces
 38528 | Spider:1 | Entered Level 1 of the Spider Nest
 40625 | Spider:1 | Identified the ring of Furestru {*Slow AC+4 Str+10 Int+7}
 40977 | Spider:1 | Reached skill level 15 in Air Magic
 42897 | Spider:2 | Reached XP level 17. HP: 87/106 MP: 10/40
 44452 | Spider:3 | Got the Tome of Shapes and Striking
 44458 | Spider:3 | Learned a level 4 spell: Iskenderun's Mystic Blast
 46624 | Spider:4 | Entered Level 4 of the Spider Nest
 48430 | Spider:4 | Noticed Bai Suzhen
 48436 | Spider:4 | Killed Bai Suzhen
 48590 | Spider:4 | Noticed Nikola
 48595 | Spider:4 | Killed Nikola
 49814 | Spider:4 | Reached XP level 18. HP: 56/112 MP: 24/41
 50123 | Spider:4 | Got a gossamer rune of Zot
 50720 | D:15     | Found a portal to a secret trove of treasure.
 51334 | D:15     | Paralysed by an orc sorcerer for 4 turns
 51436 | D:15     | Found a staircase to the Depths.
 51493 | D:15     | Found Kogaefraila's Magic Scroll Emporium.
 51830 | D:15     | Bought a scroll of teleportation for 42 gold pieces
 51830 | D:15     | Bought a scroll of fear for 56 gold pieces
 51830 | D:15     | Bought a scroll of teleportation for 42 gold pieces
 51969 | D:15     | Reached skill level 1 in Ice Magic
 52637 | Vaults:1 | Entered Level 1 of the Vaults
 52697 | D:15     | Bought a scroll of magic mapping for 105 gold pieces
 52767 | Vaults:1 | Identified the +8 long sword "Haistumme" {vamp, rF- Int+3
                  | Dex+2}
 52786 | Vaults:1 | Found a crumbling gateway.
 52791 | Desolati | Entered the Desolation of Salt
 53255 | Desolati | Got the Tome of the Wendigo
 53307 | Desolati | Got the Elucidation of Firn and Transportation
 53322 | Desolati | Got Launil's Elucidation of the Tempest and the Tesseract
 53652 | Desolati | Identified the +6 scimitar of Circularity {flame, rElec rF-
                  | rN+ Dex+6}
 53652 | Desolati | Identified the ring "Betuz" {Will+ Dex+2}
 55059 | Desolati | Got the Directory of Vile Conduction
 55069 | Desolati | Identified the ring of Pegoth {rElec rF++ rN+ rCorr Str-5}
 55078 | Desolati | Got the Tome of the Cumulonimbus
 55085 | Desolati | Identified the +0 falchion of Purpose {speed, Str+6}
 56154 | Vaults:1 | Reached XP level 19. HP: 114/117 MP: 32/42
 57121 | Vaults:2 | Reached skill level 18 in Spellcasting
 57138 | Vaults:2 | Noticed Mara
 57290 | Vaults:2 | Noticed Wynddius's illusion
 57290 | Vaults:2 | Killed Mara
 58136 | Vaults:2 | Reached skill level 19 in Spellcasting
 58290 | Vaults:2 | Identified the ring "Gaozie" {Fire Fly Str+7 Int-3}
 59738 | Vaults:2 | Reached skill level 20 in Spellcasting
 60175 | Vaults:2 | Found a large runed translucent door.
 60175 | Vaults:2 | Found a large runed translucent door.
 60175 | Vaults:2 | Found a large runed translucent door.
 60176 | Vaults:2 | Noticed Synox's ghost (legendary FoFi)
 60176 | Vaults:2 | Found a large runed translucent door.
 60176 | Vaults:2 | Found a large runed translucent door.
 60176 | Vaults:2 | Found a large runed translucent door.
 60177 | Vaults:2 | Found a large runed translucent door.
 60177 | Vaults:2 | Found a large runed translucent door.
 61275 | Vaults:2 | Found Moeryej's General Store.
 61282 | Vaults:2 | Bought a wand of flame (12) for 159 gold pieces
 61282 | Vaults:2 | Bought a wand of iceblast (3) for 136 gold pieces
 61282 | Vaults:2 | Bought a scroll of fear for 76 gold pieces
 61559 | Vaults:3 | Reached skill level 21 in Spellcasting
 61946 | Vaults:3 | Noticed Jory
 61949 | Vaults:3 | Killed Jory
 62078 | Vaults:3 | Noticed Zenata
 62088 | Vaults:3 | Killed Zenata
 62255 | Vaults:3 | Noticed Xtahua
 62262 | Vaults:3 | Killed Xtahua
 62414 | Vaults:3 | Reached skill level 22 in Spellcasting
 62791 | Vaults:3 | Reached XP level 20. HP: 124/124 MP: 30/48
 64032 | Vaults:3 | Reached skill level 23 in Spellcasting
 64297 | Vaults:3 | Found Bileler's Distillery.
 64305 | Vaults:3 | Bought a potion of curing for 42 gold pieces
 64305 | Vaults:3 | Bought 3 potions of heal wounds for 210 gold pieces
 64598 | Vaults:3 | Found a staircase to the Crypt.
 64598 | Vaults:3 | Found a basalt altar of Yredelemnul.
 64628 | Vaults:3 | Found an ancient bone altar of Kikubaaqudgha.
 65204 | Vaults:4 | Noticed Frederick
 65210 | Vaults:4 | Killed Frederick
 65623 | Vaults:4 | Reached skill level 24 in Spellcasting
 65874 | Abyss:3  | Found a corrupted altar of Lugonu.
 65874 | Abyss:3  | Cast into level 3 of the Abyss (a wizard)
 65909 | Abyss:3  | Found a corrupted altar of Lugonu.
 65995 | Abyss:3  | Noticed a bone dragon
 66010 | Abyss:3  | Killed a bone dragon
 66110 | Abyss:4  | Found a corrupted altar of Lugonu.
 66125 | Abyss:4  | Paralysed by accursed screaming for 2 turns
 66201 | Abyss:4  | Found a corrupted altar of Lugonu.
 66280 | Abyss:4  | Paralysed by you for 2 turns
 66292 | Abyss:4  | Found a hide-covered altar of Uskayaw.
 66292 | Abyss:4  | Found a hide-covered altar of Uskayaw.
 66292 | Abyss:4  | Found a hide-covered altar of Uskayaw.
 66292 | Abyss:4  | Found a hide-covered altar of Uskayaw.
 66294 | Abyss:4  | Found a hide-covered altar of Uskayaw.
 66294 | Abyss:4  | Found a hide-covered altar of Uskayaw.
 66294 | Abyss:4  | Found a hide-covered altar of Uskayaw.
 66294 | Abyss:4  | Found a hide-covered altar of Uskayaw.
 66294 | Abyss:4  | Found a hide-covered altar of Uskayaw.
 66294 | Abyss:4  | Found a hide-covered altar of Uskayaw.
 66294 | Abyss:4  | Found a hide-covered altar of Uskayaw.
 66294 | Abyss:4  | Found a hide-covered altar of Uskayaw.
 66296 | Abyss:4  | Found a snail-covered altar of Cheibriados.
 66296 | Abyss:4  | Found a burning altar of Makhleb.
 66296 | Abyss:4  | Found an opulent altar of Gozag.
 66296 | Abyss:4  | Found a basalt altar of Yredelemnul.
 66296 | Abyss:4  | Found an ornate altar of the Wu Jian Council.
 66296 | Abyss:4  | Found a sparkling altar of Nemelex Xobeh.
 66297 | Abyss:4  | Found a bloodstained altar of Trog.
 66297 | Abyss:4  | Found a stormy altar of Qazlal.
 66297 | Abyss:4  | Found a broken altar of Ashenzari.
 66297 | Abyss:4  | Found a radiant altar of Vehumet.
 66298 | Abyss:4  | Found a shadowy altar of Dithmenos.
 66298 | Abyss:4  | Found a sacrificial altar of Ru.
 66303 | Abyss:4  | Found an iron altar of Okawaru.
 66303 | Abyss:4  | Found a glowing silver altar of Zin.
 66303 | Abyss:4  | Found a glowing golden altar of the Shining One.
 66305 | Abyss:4  | Found a shadowy altar of Dithmenos.
 66305 | Abyss:4  | Found a blossoming altar of Fedhas.
 66305 | Abyss:4  | Found a hazy altar of Hepliaklqana.
 66305 | Abyss:4  | Found a shimmering altar of Xom.
 66308 | Abyss:4  | Found a hide-covered altar of Uskayaw.
 66376 | Vaults:4 | Escaped the Abyss
 66681 | Vaults:4 | Reached skill level 25 in Spellcasting
 66816 | Vaults:4 | Reached skill level 15 in Dodging
 68441 | Vaults:4 | Paralysed by a great orb of eyes for 5 turns
 68586 | Vaults:5 | Entered Level 5 of the Vaults
 68588 | Vaults:5 | Reached XP level 21. HP: 122/132 MP: 42/52
 69154 | Shoals:1 | Entered Level 1 of the Shoals
 69237 | Shoals:1 | Noticed Mlioglotl
 69239 | Shoals:1 | Killed Mlioglotl
 69241 | Shoals:1 | Reached skill level 15 in Fighting
 69242 | Shoals:1 | Noticed Donald
 69376 | Shoals:1 | Killed Donald
 70130 | Shoals:1 | Noticed Kirke
 70131 | Shoals:1 | Reached skill level 1 in Evocations
 70133 | Shoals:1 | Killed Kirke
 70290 | Shoals:1 | Found Lanualum's Armour Emporium.
 70775 | Shoals:2 | Noticed Polyphemus
 70778 | Shoals:2 | Killed Polyphemus
 70942 | Shoals:2 | Noticed Ilsuiw
 70945 | Shoals:2 | Killed Ilsuiw
 73406 | Shoals:4 | Entered Level 4 of the Shoals
 76162 | Shoals:4 | Got a barnacled rune of Zot
 77043 | Elf:1    | Entered Level 1 of the Elven Halls
 77185 | Elf:1    | Reached XP level 22. HP: 141/141 MP: 35/53
 77783 | Elf:1    | Found Yvimm's Magic Scroll Shop.
 77790 | Elf:1    | Bought a scroll of teleportation for 45 gold pieces
 77790 | Elf:1    | Bought a scroll of teleportation for 45 gold pieces
 78424 | Elf:1    | Reached skill level 5 in Ice Magic
 78543 | Elf:1    | Found Cuifuon's Magic Scroll Boutique.
 78551 | Elf:1    | Bought a scroll of teleportation for 45 gold pieces
 78551 | Elf:1    | Bought a scroll of blinking for 112 gold pieces
 78671 | Elf:1    | Found a shimmering altar of Xom.
 78737 | Elf:1    | Found a huge runed translucent gate.
 78737 | Elf:1    | Found a huge runed translucent gate.
 78737 | Elf:1    | Found a huge runed translucent gate.
 78737 | Elf:1    | Found a huge runed translucent gate.
 78737 | Elf:1    | Found a huge runed translucent gate.
 78737 | Elf:1    | Identified the +1 double sword of Makhleb's Regard {heavy,
                  | rF- rCorr Int+2}
 78738 | Elf:1    | Found a huge runed translucent gate.
 78738 | Elf:1    | Found a huge runed translucent gate.
 78739 | Elf:1    | Found a huge runed translucent gate.
 79103 | Elf:1    | Identified the +0 double sword of Uptouqo {flame, Will-
                  | Dex+4 Stlth+}
 79323 | Orc:1    | Bought Sif Muna's Thoughts on Underground Frostbite for 680
                  | gold pieces
 79326 | Orc:1    | Learned a level 2 spell: Momentum Strike
 80019 | Elf:1    | Gained mutation: You are vulnerable to heat. (rF-)
                  | [mutagenic glow]
 80666 | Elf:2    | Gained mutation: You are frail. (-10% HP) [mutagenic glow]
 80974 | Elf:2    | Found a runed translucent door.
 81053 | Elf:2    | Found a runed translucent door.
 82601 | Elf:2    | Reached skill level 10 in Ice Magic
 82611 | Elf:2    | Learned a level 9 spell: Polar Vortex
 82745 | Elf:3    | Entered Level 3 of the Elven Halls
 82825 | Elf:3    | Found Veopsux's General Store.
 82833 | Elf:3    | Bought a scroll of fear for 72 gold pieces
 82833 | Elf:3    | Bought a potion of curing for 54 gold pieces
 82833 | Elf:3    | Bought a scroll of teleportation for 54 gold pieces
 83129 | Elf:3    | Identified the +0 cloak of Fiaff {rF+ Regen+ Int+3 SInv}
 83347 | Elf:3    | Identified the ring of Imiv {rC++ Will+ MP-9 EV+5}
 83559 | Elf:3    | Acquired 1151 gold pieces
 84068 | Elf:3    | Identified the +6 morningstar of the Scorching Wolf {flame,
                  | Int+4}
 84068 | Elf:3    | Identified the +4 ring mail of Blue Brilliance {+Blink rF+
                  | rN+ Int-5}
 84071 | Elf:3    | Identified the +6 hand axe "Hell-Harrower" {freeze, rElec
                  | rC+ Int+2}
 84599 | Elf:3    | Identified the +5 chain mail of Bapuum {rCorr Int+4}
 84599 | Elf:3    | Identified the ring of Suaceugg {rF++ Dex+6}
 84692 | Elf:3    | Identified the +5 flail of Astrioqe {heavy, MP+9 Str-5
                  | Dex+3 SInv}
 84954 | Elf:3    | Identified the ring "Ziuxyune" {Wiz Dex+2}
 85472 | Elf:3    | Got the Catalogue of Transformation and Distance
 85486 | Elf:3    | Found the +2 pair of slick slippers {slick, slippery, EV+4}
 85498 | Elf:3    | Identified the +2 sling of Zyraidou {flame, *Corrode rF+
                  | Int+3}
 85730 | Depths:1 | Entered Level 1 of the Depths
 85767 | Depths:1 | Noticed Asterion
 85769 | Depths:1 | Killed Asterion
 85895 | Depths:1 | Found a one-way gateway to a ziggurat.
 86037 | Depths:1 | Found a magical portal.
 86079 | WizLab   | Entered The Chambers of the Cloud Mage
 86167 | WizLab   | Paralysed by an air elemental for 1 turns
 86172 | WizLab   | Paralysed by an air elemental for 1 turns
 86461 | Depths:1 | Noticed the Enchantress
 86463 | Depths:1 | Killed the Enchantress
 86464 | Depths:1 | Reached skill level 15 in Ice Magic
 86673 | Depths:1 | Reached XP level 23. HP: 122/132 MP: 44/54
 86817 | Depths:1 | Found Vocaxiuva's Armour Boutique.
 86857 | Depths:1 | Found a broken altar of Ashenzari.
 88888 | Depths:2 | Found a glowing silver altar of Zin.
 88931 | Depths:2 | Got the Catalogue of Hyperbolic Lava
 89211 | Depths:2 | Found a one-way gate leading to the halls of Pandemonium.
 89400 | Depths:2 | Found a one-way gate to the infinite horrors of the Abyss.
 89495 | Depths:2 | Found an ornate altar of the Wu Jian Council.
 89921 | Depths:3 | Found Zalaog's Antique Armour Boutique.
 89993 | Depths:3 | Got Unoerch's Grimoire of Unstable Hypothermia
 90005 | Depths:3 | Learned a level 7 spell: Ozocubu's Refrigeration
 90011 | Depths:3 | Learned a level 5 spell: Metabolic Englaciation
 90063 | Depths:3 | Found Onehij's General Store.
 90442 | Depths:3 | Found a transporter.
 90442 | Depths:3 | Noticed a caustic shrike
 90470 | Depths:3 | Noticed a caustic shrike
 90470 | Depths:3 | Noticed a juggernaut
 90472 | Depths:3 | Found a transporter.
 90875 | Depths:3 | Found a white marble altar of Elyvilon.
 90945 | Depths:3 | Found Gozxitsiwk's Assorted Antiques.
 90946 | Depths:3 | Found Zuin's Antique Weapon Shoppe.
 90950 | Depths:3 | Bought a potion of curing for 90 gold pieces
 90950 | Depths:3 | Bought a scroll of teleportation for 90 gold pieces
 90950 | Depths:3 | Bought a scroll of teleportation for 90 gold pieces
 90964 | Depths:3 | Found Bucvoine's Antique Weapon Boutique.
 91251 | Depths:4 | Entered Level 4 of the Depths
 93163 | Depths:4 | Reached skill level 26 in Spellcasting
 93248 | Depths:4 | Found a gate to the Realm of Zot.
 93517 | Vaults:5 | HP: 3/131 [yaktaur captain/bolt (32)]
 93793 | Hell     | Entered the Vestibule of Hell
 93793 | Hell     | Noticed Geryon
 93800 | Hell     | Killed Geryon
 93953 | Hell     | Noticed Murray
 93958 | Hell     | Killed Murray
 93960 | Hell     | Reached skill level 27 in Spellcasting
 94114 | Depths:1 | Learned a level 2 spell: Blink
 94189 | Hell     | Paralysed by a wendigo for 1 turns
 94375 | Hell     | Reached XP level 24. HP: 111/138 MP: 30/56
 95047 | Hell     | Found a gateway to the Iron City of Dis.
 95167 | Hell     | Found a gateway to the ashen valley of Gehenna.
 95224 | Hell     | Found a gateway to the decaying netherworld of Tartarus.
 95287 | Hell     | Found a gateway to the freezing wastes of Cocytus.
 95408 | Tar:1    | Entered Level 1 of Tartarus
 95509 | Geh:1    | Entered Level 1 of Gehenna
 95778 | Geh:1    | You fall into a shaft and drop 1 floor!
 95827 | Geh:2    | Reached skill level 5 in Evocations
 96281 | Geh:2    | Found a runed translucent gate.
 96281 | Geh:2    | Found a runed translucent gate.
 96281 | Geh:2    | Found a runed translucent gate.
 96282 | Geh:2    | Found a runed translucent gate.
 96282 | Geh:2    | Found a runed translucent gate.
 96283 | Geh:2    | Found a runed translucent gate.
 96284 | Geh:2    | Found a runed translucent gate.
 96285 | Geh:2    | Found a runed translucent gate.
 96285 | Geh:2    | Found a runed translucent gate.
 96285 | Geh:2    | Found a runed translucent gate.
 96285 | Geh:2    | Found a runed translucent gate.
 96285 | Geh:2    | Found a runed translucent gate.
 96661 | Dis:1    | Entered Level 1 of the Iron City of Dis
 97162 | Slime:1  | Entered Level 1 of the Pits of Slime
 99221 | Slime:3  | Reached skill level 10 in Evocations
100663 | Slime:5  | Entered Level 5 of the Pits of Slime
101161 | Slime:5  | Noticed the Royal Jelly
101164 | Slime:5  | Killed the Royal Jelly
101670 | Slime:5  | Got the Opusculum on the Wind and the Bane
101675 | Slime:5  | Got a slimy rune of Zot
101676 | Slime:5  | Identified the +0 plate armour "Omufyq" {rPois rCorr}
101767 | Slime:5  | Identified the +7 quarterstaff of the Inviting Stoat
                  | {drain, rPois Dex+3 Stlth+}
101770 | Slime:5  | Identified the amulet "Wenkyetz" {rN+ Regen+}
101783 | Slime:5  | Identified the staff of poison "Estrorr" {rPois Str+6 SInv
                  | Stlth-}
101889 | Slime:5  | Identified the +2 pair of gloves of the Tormentor {Drain
                  | rN+ rCorr Int+4}
103124 | Vaults:5 | Reached skill level 15 in Evocations
103129 | Vaults:5 | Reached XP level 25. HP: 107/144 MP: 24/56
103570 | Vaults:5 | Identified the +0 mace "Teril" {flame, Fragile rN++ Str+9}
103701 | Vaults:5 | Identified the +10 plate armour of Poor Excuses {rF+}
104442 | Vaults:5 | Identified the +9 trident "Eliazil" {flame, rElec rCorr
                  | SInv}
104462 | Vaults:5 | Identified the +1 scale mail of Love and Death {Dex+2}
104469 | Vaults:5 | Got a silver rune of Zot
104828 | Vaults:5 | Found Vuikh's Assorted Antiques.
104837 | Vaults:5 | Bought 3 potions of invisibility for 768 gold pieces
104837 | Vaults:5 | Bought a scroll of blinking for 240 gold pieces
105202 | Vaults:5 | Identified the ring of Zunun {Str+6 Dex+3}
105540 | Vaults:5 | Found the ring of the Tortoise {AC+8}
105542 | Vaults:5 | Identified the ring of Tozyd {rCorr Str+3 SInv}
105697 | Crypt:1  | Entered Level 1 of the Crypt
105907 | Crypt:1  | Reached skill level 5 in Stealth
107087 | Crypt:1  | Found a shadowy altar of Dithmenos.
107240 | Crypt:1  | Noticed Grunn
107250 | Crypt:1  | Killed Grunn
107459 | Crypt:1  | Reached skill level 10 in Stealth
108201 | Crypt:2  | Noticed a royal mummy
108205 | Crypt:2  | Killed a royal mummy
108205 | Crypt:2  | Noticed Khufu
108206 | Crypt:2  | Noticed a royal mummy
108530 | Crypt:2  | Killed Khufu
108667 | Crypt:2  | Killed a royal mummy
109170 | Crypt:2  | Noticed Vv
109174 | Crypt:2  | Killed Vv
110273 | Crypt:2  | Found a transporter.
110574 | Crypt:2  | Found a transporter.
110901 | Crypt:2  | Noticed an ancient lich
110922 | Crypt:2  | Reached skill level 15 in Stealth
110928 | Crypt:2  | Killed an ancient lich
111319 | Crypt:2  | Identified the +8 morningstar "Syowupp" {holy, rC+}
111376 | Crypt:2  | Identified the ring "Girragio" {Str+6 Stlth+}
111381 | Crypt:2  | Identified the ring "Obem" {rC+ Str+4 Dex+2}
111445 | Crypt:3  | Entered Level 3 of the Crypt
111983 | Crypt:3  | Reached XP level 26. HP: 75/148 MP: 21/56
112749 | Crypt:3  | Noticed a dread lich
112751 | Crypt:3  | Killed a dread lich
113377 | Crypt:3  | Found a staircase to the Tomb.
113609 | Crypt:3  | Noticed an ancient lich
113731 | Crypt:3  | Killed an ancient lich
113743 | Crypt:3  | Identified the staff of fire "Enanusya" {rF+ Dex+3}
113747 | Crypt:3  | Identified the +8 scimitar of the Rattlesnake {spect,
                  | Fragile rElec Int+8}
113870 | Tomb:1   | Entered Level 1 of the Tomb of the Ancients
115116 | Tomb:1   | Noticed a royal mummy
115126 | Tomb:1   | Killed a royal mummy
119548 | Dis:2    | Demolished by an iron golem

Illustrated notes

Levels and vault maps discovered:
D:1:      arrival_aquarium_b, layout_rooms, serial_glass, glass_columns_b,
          glass_columns_a
D:2:      layout_basic, kennysheep_generic_room_7, uniq_robin, uniq_natasha
D:3:      layout_loops_corners, lemuel_coloured_pillars_altar,
          nicolae_gozag_cash_rules_everything_around_me, serial_bayou_pond_e,
          minmay_quantized, uniq_ijyb
D:4:      layout_cave_pods, mainiacjoe_overflow_paths, corexii_leaking_fountain
D:5:      cheibrodos_two_vegetables, layout_basic, minmay_temple_entry_wispy,
          serial_shops, shop
D:6:      layout_loops_ring, uniq_eustachio, uniq_pikel, uniq_blork_the_orc
D:7:      layout_loops_ring, nicolae_figureground_pulse
D:8:      layout_rooms, mrwooster_statue_mirror, uniq_erica
D:9:      layout_irregular_city, enter_bailey_5, reono_crystal_passage
D:10:     layout_irregular_city, marbit_many_paths, minmay_radiant, uniq_snorg
D:11:     layout_rooms, lair_entry_dummy, erik_orc_4, hangedman_decor_push
D:12:     minmay_the_grid_triangle_9x9_rhombus_thin
          [minmay_the_grid_triangle_9x9_minimal,
          minmay_the_grid_triangle_9x9_prize_insulated,
          minmay_the_grid_triangle_9x9_swiss_cheese,
          minmay_the_grid_triangle_9x9_zippers_horizontal],
          layout_loops_corners, uniq_erolcha
D:13:     layout_gridville, david_vaults_4, portal_ice_cave_rime,
          serial_demonic, serial_demonic_a, serial_demonic_c, serial_demonic_e,
          serial_demonic_f, serial_demonic_g, serial_demonic_g,
          serial_demonic_g, serial_demonic_g
D:14:     layout_small_grid, gauntlet_entry_generic,
          ebering_dispersal_statue_hall
D:15:     grunt_enter_depths_giant_problem, layout_rooms, serial_bayou_pond_b,
          serial_shops, shop, enter_trove_1
Lair:1:   layout_regular_city, columned_hall_lemuel
Lair:2:   layout_big_grid, spider_nest_entry_webs
Lair:3:   layout_loops_ring, shoals_dummy_entry, kennysheep_rathole,
          serial_bayou_shore_a, infiniplex_staircase_pool_2, grunt_megastairs_5,
          uniq_amaemon, uniq_josephine, uniq_nergalle
Lair:4:   layout_cave_shapes, slime_entry_1, roderic_carrion_pond, uniq_urug,
          uniq_rupert
Lair:5:   evil_forest, layout_regular_city
Shoals:1: layout_shoals, serial_shops, shop, st_shoals_ruin, uniq_kirke,
          uniq_mlioglotl, uniq_donald
Shoals:2: layout_shoals, uniq_polyphemus, uniq_ilsuiw
Shoals:3: layout_shoals
Shoals:4: shoals_end_hangedman, layout_shoals, nicolae_shoals_sun_and_surf
Spider:1: layout_spider_delve, drop_trap, nicolae_spider_scorpion_nest,
          hangedman_spider_tarantella_strand
Spider:2: layout_spider_delve, nicolae_spider_eight_legs
Spider:3: layout_spider_delve, special_room [special_room_bee]
Spider:4: floodkiller_spider_rune_tomb, nicolae_spider_wall_of_niches,
          uniq_bai_suzhen, uniq_nikola
Slime:1:  layout_caves
Slime:2:  layout_caves
Slime:3:  layout_caves
Slime:4:  cheibrodos_slime_lost_civilization_2, layout_caves,
          nicolae_slime_welcoming_committee
Slime:5
Orc:1:    layout_caves, nicolae_volcano_entry_lava_flow
Orc:2:    grunt_orc_gardens, layout_diamond_mine, grunt_orc_garden,
          grunt_orc_garden, grunt_orc_garden, grunt_orc_garden, serial_shops,
          nicolae_shop_tiny_waterfront, nicolae_shop_dealshenge,
          nicolae_shop_real_fake_doors, shop, uniq_sonja, uniq_azrael
Elf:1:    eino_elf_arrival_shootout, layout_loops_corners, serial_shops, shop,
          nicolae_shop_pleasant_corner_grove, basic_altar,
          kennysheep_underground_church,
          nicolae_elf_double_double_double_trouble
Elf:2:    elven_hall_of_blades_hangedman_original
          [nicolae_blade_entry_splitting_headache], layout_geoelf_octagon,
          fountainhead
Elf:3:    minmay_elf_hall_x, layout_gridlike, serial_shops, nicolae_shop_crystal
Vaults:1: portal_desolation_entry_nicolae_nacl,
          nicolae_vaults_shipping_containers_6, grunt_vaults_hallway_short,
          v_misc_29, v_pattern_4, nicolae_vaults_theta,
          nicolae_vaults_sesquioval_fish, vaults_dpeg_emergency_exit,
          hangedman_vaults_restitches, nicolae_vaults_house_2,
          nicolae_vaults_hexular_roomagon, nicolae_vaults_variable_pillar_hall,
          layout_vaults_ring
Vaults:2: advil_vaults_ghost_lines, st_cells, ontoclasm_vaults_spin,
          nicolae_vaults_closet_pinwheel_5, nicolae_vaults_cochlea, v_misc_23,
          v_misc_4, nicolae_vaults_offset_grid_hallway_3,
          nicolae_vaults_angled_halls, v_misc_12, hangedman_vaults_maws,
          v_misc_28, hangedman_vaults_corner_blocks, ontoclasm_vaults_shuriken,
          vaults_room_stairs_pillars, layout_vaults_big_cross, serial_shops,
          nicolae_shop_behind_doors, uniq_mara
Vaults:3: minmay_crypt_entry_necro_gods, nicolae_vaults_closet_pinwheel_3,
          st_more_cells, ontoclasm_vaults_ring_square,
          nicolae_vaults_double_plus_3, nicolae_vaults_tangram_1,
          nicolae_vaults_more_shelving_2, nicolae_vaults_theta,
          nicolae_vaults_tetromino_T_2, nicolae_vaults_mini_display_case,
          layout_vaults_omnigrid, serial_shops, shop, uniq_zenata, uniq_xtahua,
          uniq_jory
Vaults:4: ontoclasm_vaults_bender, hangedman_vaults_unwind, v_misc_26,
          nicolae_vaults_surprise_closet, grunt_vaults_diagonal,
          nicolae_vaults_trapezoid_4, vaults_room_corners,
          vaults_room_grunt_arrival_checkpoint, nicolae_vaults_yaktaur_gun_rack,
          layout_vaults_big_room, uniq_frederick
Vaults:5: serial_shops
Crypt:1:  layout_regular_city, nicolae_nh_vlads_tower, uniq_grunn,
          uniq_josephina
Crypt:2:  gammafunk_dig_for_victory, layout_misc_corridors, uniq_khufu, uniq_vv
Crypt:3:  david_glass_crypt, layout_gridlike, nicolae_tomb_entry_rubble_hallway,
          glass_columns_a, amcnicky_mini_corridor_feature
Tomb:1
Depths:1: layout_cave_pools, enter_ziggurat_b, pf_coc_iceberg,
          lightli_enter_wizlab_magi_temple, serial_shops, shop,
          chequers_serial_rivers_room_a, ashenzari_conservatory_becter,
          uniq_enchantress, uniq_asterion
Depths:2: cheibrodos_lost_city_excavation, layout_cave_pools, hell_entry,
          abyss_entry_crystal, nzn_wu_jian_council_hall,
          grunt_pan_entry_sceptre, zin_angel, minmay_staircase_windowed_large
Depths:3: gammafunk_sealed_arena, layout_honeycomb, lightli_too_deep,
          elyvilon_altar_3, serial_shops, nicolae_shop_behind_doors, shop, shop,
          nicolae_shop_temple_entry_statues_fountains,
          nicolae_shop_advertising_works [nicolae_subvault_shop_adworks],
          abyss_entry
Depths:4: evilmike_zot_entry_basic, layout_gridlike, grunt_hell_entry_dis_mu,
          roderic_lattice_octagonal_star
Hell
Dis:1:    layout_gridville
Dis:2:    layout_gridville
Geh:1:    layout_gehenna_lava_caves
Geh:2:    layout_gehenna_pools_basic, nicolae_geh_backdraft
Geh:3:    nicolae_geh_lava_swirls, layout_gehenna_pools_basic
Geh:4:    nicolae_geh_realm_of_the_lava_sea
Tar:1:    layout_catacombs

Skill      XL: |  1  2  3  4  5  6  7  8  9 10 11 12 13 14 15 16 17 18 19 20 21 22 23 24 25 26 |
---------------+-------------------------------------------------------------------------------+-----
Spellcasting   | 4 5 7 10 13 17 22 25 27 | 27.0
Air Magic      | 4 5 6 10 12 16 18 19 20 | 20.0
Conjurations   | 2 4 5 8 10 15 17 20 | 20.0
Fighting       | 1 2 3 4 6 7 9 10 11 12 14 15 16 18 | 18.8
Dodging        | 5 10 11 14 15 18 19 | 19.1
Stealth        | 3 17 20 | 20.0
Ice Magic      | 1 15 19 | 19.0
Evocations     | 1 15 17 | 17.0

Action                     |  1- 3 |  4- 6 |  7- 9 | 10-12 | 13-15 | 16-18 | 19-21 | 22-24 | 25-27 || total
---------------------------+-------+-------+-------+-------+-------+-------+-------+-------+-------++-------
  Melee: Unarmed           |       |     2 |       |       |       |       |       |       |       ||     2
         Staff             |       |     2 |     2 |     2 |       |    14 |     2 |     2 |       ||    24
   Cast: Shock             |    89 |    81 |    85 |    74 |    24 |     8 |     1 |     4 |     2 ||   368
         Static Discharge  |     7 |    16 |    44 |    59 |     9 |     6 |       |       |       ||   141
         Airstrike         |       |     9 |    43 |   108 |   279 |   165 |    21 |    26 |    44 ||   695
         Swiftness         |       |     2 |     3 |     2 |     3 |       |       |       |       ||    10
         Conjure Ball Ligh |       |       |       |    46 |    91 |   118 |       |       |       ||   255
         Freezing Cloud    |       |       |       |     2 |    84 |    29 |       |     2 |       ||   117
         Orb of Destructio |       |       |       |       |     9 |   105 |    14 |     4 |       ||   132
         Arcjolt           |       |       |       |       |     7 |    97 |       |       |       ||   104
         Iskenderun's Myst |       |       |       |       |       |    58 |       |     8 |     7 ||    73
         Maxwell's Capacit |       |       |       |       |       |     6 |       |       |     1 ||     7
         Chain Lightning   |       |       |       |       |       |    12 |   414 |   455 |   355 ||  1236
         Polar Vortex      |       |       |       |       |       |       |       |    29 |     4 ||    33
         Ozocubu's Refrige |       |       |       |       |       |       |       |     2 |       ||     2
         Metabolic Englaci |       |       |       |       |       |       |       |     1 |       ||     1
         Blink             |       |       |       |       |       |       |       |     1 |       ||     1
 Invoke: Call Merchant     |       |       |       |     1 |     4 |       |       |       |       ||     5
  Evoke: Wand              |       |       |       |     1 |    18 |     2 |     3 |    10 |    25 ||    59
         Horn of Geryon    |       |       |       |       |       |       |       |       |     2 ||     2
    Use: Scroll            |     3 |     7 |     4 |     7 |    19 |     9 |     5 |    11 |     2 ||    67
         Potion            |       |       |     1 |       |     4 |     8 |     9 |     9 |     3 ||    34
 Armour: Robe              |     5 |     5 |     5 |    16 |    47 |    81 |    29 |    31 |    11 ||   230
  Dodge: Dodged            |    12 |    19 |    24 |    69 |   302 |   405 |   128 |   156 |    52 ||  1167
  Block: Other             |       |       |       |       |       |       |     5 |     3 |       ||     8
         Reflection        |       |       |       |       |       |       |     4 |     1 |       ||     5
